 Dungeon Sprint DCSS version 0.21.0-3-g78d12a8 (webtiles) character file.

35 wojtek the Skirmisher (level 3, -4/37 HPs)
             Began as a Minotaur Fighter on Jan 12, 2018.
             Was a Priest of Makhleb.
             Slain by a gnoll
             ... wielding a +0 flail
              (7 damage)
             ... in the Dungeon (Sprint VII: "The Pits").
             The game lasted 00:01:15 (197 turns).

wojtek the Skirmisher (Minotaur Fighter)             Turns: 197, Time: 00:01:15

Health: -4/37      AC:  7    Str: 21    XL:     3   Next: 16%
Magic:  2/2        EV:  7    Int:  5    God:    Makhleb [***...]
Gold:   0          SH:  9    Dex:  9    Spells: 2/2 levels left

rFire    . . .     SeeInvis .   a - +0 war axe
rCold    . . .     Gourm    .   c - +0 shield
rNeg     . . .     Faith    .   b - +0 scale mail
rPois    .         Spirit   .   (helmet restricted)
rElec    .         Reflect  .   (no cloak)
rCorr    .         Harm     .   (no gloves)
MR       .....     NoTele   +   (no boots)
Stlth    ..........             (no amulet)
HPRegen  0.12/turn              (no ring)
MPRegen  0.08/turn              (no ring)

@: glowing
A: retaliatory headbutt, horns 2
a: Minor Destruction, Lesser Servant of Makhleb, Renounce Religion


You were in the Dungeon.
You worshipped Makhleb.
Makhleb was most pleased with you.
You were not hungry.

You visited 1 branch

Inventory:

Hand Weapons
 a - a +0 war axe (weapon)
 l - a +2 hand axe
Armour
 b - a +0 scale mail (worn)
 c - a +0 shield (worn)
Scrolls
 k - a scroll of blinking
 n - 3 scrolls of remove curse
 o - 5 scrolls of amnesia
 p - a scroll of summoning
Potions
 d - a potion of might
 e - a potion of curing
 g - a potion of heal wounds
 h - a potion of haste
 i - 4 potions of magic
 j - 3 potions of berserk rage
 m - 2 potions of invisibility
Comestibles
 f - 9 rations
 q - a chunk of flesh


   Skills:
 + Level 5.7 Fighting
 * Level 5.0 Axes
 + Level 5.5 Armour
 - Level 3.6 Shields


You had 2 spell levels left.
You didn't know any spells.

Dungeon Overview and Level Annotations

Branches:
Dungeon (1/1)

Altars:
Ashenzari
Cheibriados
Dithmenos
Elyvilon
Fedhas
Gozag
Hepliaklqana
Kikubaaqudgha
Makhleb
Nemelex Xobeh
Okawaru
Qazlal
Ru
Sif Muna
Trog
Uskayaw
Vehumet
Wu Jian
Xom
Yredelemnul
Zin
The Shining One
Beogh
Jiyva
Lugonu


Innate Abilities, Weirdness & Mutations

You reflexively headbutt those who attack you in melee.
You have a pair of horns on your head.


Message History

The gnoll seems to speed up.
Unknown command.
You barely miss the gnoll. You block the gnoll's attack.
The gnoll hits you but does no damage.
You closely miss the gnoll.
The gnoll is moderately wounded.
You barely miss the gnoll. You block the gnoll's attack. x2
The gnoll hits you but does no damage. x2; You block the gnoll's attack.
The gnoll closely misses you.
You hit the gnoll.
The gnoll is almost dead.
You closely miss the gnoll. The gnoll hits you with a club.
You block the gnoll's attack. The gnoll hits you with a club.
You hit the gnoll.
The gnoll is almost dead.
You hit the gnoll but do no damage. The gnoll hits you with a flail!
* * * LOW HITPOINT WARNING * * *
You block the gnoll's attack. x2; The gnoll completely misses you.
The gnoll hits you with a flail!
You die...

#_________.# #_________.#
#_______...###########++#
##########'##............
#.?(.')))'.##......#..#..
##########.##............
#...........'............
#+#####'#####......#..#..
#.[@gg##............
#####g#####'#####++#
#..g)g##.......#
#.g..g##.......#
###g####.......# ...
#...<...# ..... #.......#
......##.......#
#########.......#


You could see 3 gnolls.

Vanquished Creatures
  An adder (D)
  A gnoll (D)
  An adder zombie (D)
  An orc (D)
  A bat (D)
  A goblin (D)
  3 jackals (D)
  A kobold (D)
  A rat (D)
11 creatures vanquished.

Notes
Turn   | Place    | Note
-------+----------+-------------------------------------------
     0 | D        | wojtek the Minotaur Fighter began the quest for the Orb.
     0 | D        | Reached XP level 1. HP: 19/19 MP: 0/0
    38 | D        | Found a bloodstained altar of Trog.
    38 | D        | Found a deep blue altar of Sif Muna.
    38 | D        | Found a viscous altar of Jiyva.
    38 | D        | Found a hazy altar of Hepliaklqana.
    38 | D        | Found an opulent altar of Gozag.
    39 | D        | Found a glowing golden altar of the Shining One.
    39 | D        | Found a glowing silver altar of Zin.
    39 | D        | Found a basalt altar of Yredelemnul.
    39 | D        | Found a shimmering altar of Xom.
    39 | D        | Found an ornate altar of the Wu Jian Council.
    39 | D        | Found a sacrificial altar of Ru.
    39 | D        | Found a stormy altar of Qazlal.
    39 | D        | Found an iron altar of Okawaru.
    39 | D        | Found a sparkling altar of Nemelex Xobeh.
    39 | D        | Found a burning altar of Makhleb.
    39 | D        | Found a blossoming altar of Fedhas.
    39 | D        | Found a white marble altar of Elyvilon.
    39 | D        | Found a shadowy altar of Dithmenos.
    39 | D        | Found a snail-covered altar of Cheibriados.
    41 | D        | Found a corrupted altar of Lugonu.
    41 | D        | Found a radiant altar of Vehumet.
    41 | D        | Found a roughly hewn altar of Beogh.
    42 | D        | Found an ancient bone altar of Kikubaaqudgha.
    42 | D        | Found a hide-covered altar of Uskayaw.
    42 | D        | Found a shattered altar of Ashenzari.
    48 | D        | Became a worshipper of Makhleb the Destroyer
   164 | D        | Reached * piety under Makhleb
   166 | D        | Reached XP level 2. HP: 28/28 MP: 1/1
   166 | D        | Reached ** piety under Makhleb
   173 | D        | Reached skill level 5 in Fighting
   173 | D        | Reached skill level 5 in Armour
   192 | D        | Reached *** piety under Makhleb
   192 | D        | Reached skill level 5 in Axes
   192 | D        | Reached XP level 3. HP: 20/37 MP: 2/2
   197 | D        | Slain by a gnoll

Skill      XL: |  1  2 |
---------------+-------+-----
Fighting       | 4 5 |  5.7
Axes           | 3 5 |  5.0
Armour         | 4 5 |  5.5
Shields        | |  3.6

Action                   || total
-------------------------++-------
Melee: War axe           ||    28
       Headbutt          ||     2
Invok: Minor Destruction ||     1
Armor: Scale mail        ||    17
Dodge: Dodged            ||    11
Block: Shield            ||    19
